 Dungeon Crawl Stone Soup version 0.22-a0-392-g5dc3fd9 (webtiles) character file.

21 Falco the Gusty (level 2, -1/20 HPs)
             Began as a Demigod Air Elementalist on May 1, 2018.
             Killed from afar by Sigmund (10 damage)
             ... with a puff of flame
             ... on level 2 of the Dungeon.
             The game lasted 00:03:47 (905 turns).

Falco the Gusty (Demigod Air Elementalist)           Turns: 905, Time: 00:03:47

Health: -1/20      AC:  2    Str: 11    XL:     2   Next: 45%
Magic:  2/7        EV: 12    Int: 19    God:
Gold:   38         SH:  0    Dex: 16    Spells: 2/5 levels left

rFire    . . .     SeeInvis .   e - -2 mace (curse)
rCold    . . .     Gourm    .   (no shield)
rNeg     . . .     Faith    .   a - +0 robe
rPois    .         Spirit   .   (no helmet)
rElec    .         Reflect  .   (no cloak)
rCorr    .         Harm     .   (no gloves)
MR       .....                  (no boots)
Stlth    ++........             (no amulet)
HPRegen  0.06/turn              (no ring)
MPRegen  0.10/turn              (no ring)

@: swift, quick
A: high mp 1
a: no special abilities


You were on level 2 of the Dungeon.
You were not hungry.

You visited 1 branch of the dungeon, and saw 2 of its levels.

You collected 38 gold pieces.

Inventory:

Hand Weapons
 e - a cursed -2 mace (weapon)
Missiles
 d - 17 poisoned needles
Armour
 a - a +0 robe (worn)
Scrolls
 b - a scroll of teleportation
Potions
 g - a potion of curing
Comestibles
 c - 2 rations


   Skills:
 + Level 1.9 Dodging
 + Level 1.9 Stealth
 + Level 2.1 Spellcasting
 + Level 1.0 Conjurations
 + Level 3.1 Air Magic


You had 2 spell levels left.
You knew the following spells:

 Your Spells              Type           Power        Failure   Level  Hunger
a - Shock                 Conj/Air       #...         7%          1    #......
b - Swiftness             Chrm/Air       #.......     13%         2    ##.....


Dungeon Overview and Level Annotations

Branches:
Dungeon (2/15)

Annotations:
D:2 Sigmund


Innate Abilities, Weirdness & Mutations

You have an increased reservoir of magic. (+10% MP)


Message History

Casting: Shock (safe; 7% risk of failure)
Confirm with . or Enter, or press ? or * to list all spells.
Aiming: Shock (safe; 7% risk of failure)
Press: ? - help, Shift-Dir - straight line, f/p - Sigmund
Aim: Sigmund, wielding a scythe and wearing a robe (lightly wounded)
The zap hits Sigmund.
Sigmund is moderately wounded.
Casting: Shock (safe; 7% risk of failure)
Confirm with . or Enter, or press ? or * to list all spells.
You feel quick.
Sigmund breathes a few words.
Sigmund's hands start flickering wildly.
Sigmund casts a spell.
Sigmund flickers and vanishes!
Deactivating autopickup; reactivate with Ctrl-A.
There is a stone staircase leading up here.
A puff of flame appears from out of thin air!
The puff of flame hits you!
Ouch! That really hurt!
You die...

### #@#
#.# #.#
#.# #.#
#.#
#.....#
#.....#
......#


There were no monsters in sight!

Vanquished Creatures
  3 dart slugs (D:1)
  2 bats (D:1)
  A goblin (D:1)
  A hobgoblin (D:1)
  3 jackals (D:1)
  2 kobolds (D:1)
12 creatures vanquished.

Notes
Turn   | Place    | Note
-------+----------+-------------------------------------------
     0 | D:1      | Falco the Demigod Air Elementalist began the quest for the Orb.
     0 | D:1      | Reached XP level 1. HP: 14/14 MP: 5/5
    37 | D:1      | Noticed an electric eel
    37 | D:1      | Noticed an electric eel
   195 | D:1      | Reached skill level 3 in Air Magic
   294 | D:1      | Reached XP level 2. HP: 20/20 MP: 0/7
   381 | D:1      | Learned a level 2 spell: Swiftness
   717 | D:1      | Reached skill level 1 in Conjurations
   894 | D:2      | Noticed Sigmund
   905 | D:2      | Killed from afar by Sigmund

Vault maps used:
D:1:      arrival_aquarium_b
D:2:      uniq_sigmund

Skill      XL: |  1  2 |
---------------+-------+-----
Air Magic      | 3 |  3.1
Spellcasting   | 2 |  2.1
Conjurations   | 1 |  1.0
Dodging        | |  1.9
Stealth        | |  1.9

Action                   || total
-------------------------++-------
 Cast: Shock             ||    30
       Swiftness         ||     1
  Use: Scroll            ||     2
Armor: Robe              ||     1
Dodge: Dodged            ||     2

Table legend:
 A = Spawn XP
 B = Non-spawn XP
 C = Spawn XP percentage of total XP
 D = Spawn monster count
 E = Non-spawn monster count
 F = Spawn count percentage of total count
 G = Total turns spent on level
                    A         B        C        D         E        F      G
               +---------+---------+-------+---------+---------+-------+---------
         Total |       0 |      30 |   0.0 |       0 |      12 |   0.0 |   905
               +---------+---------+-------+---------+---------+-------+---------
           D:1 |       0 |      30 |   0.0 |       0 |      12 |   0.0 |   889
               +---------+---------+-------+---------+---------+-------+---------
